 Dungeon Crawl Stone Soup version 0.31-a0-210-gccc998df9b (webtiles) character file.

Game seed: 10676492211558420901

5474 qw the Skirmisher (level 10, -11/88 HPs)
             Began as a Minotaur Hexslinger on June 29, 2023.
             Was a Follower of Okawaru.
             Mangled by a yak (12 damage)
             ... on level 10 of the Dungeon.
             The game lasted 00:03:02 (8469 turns).

qw the Skirmisher (Minotaur Hexslinger)             Turns: 8469, Time: 00:03:03

Health: -11/88     AC:  9    Str: 13    XL:     10   Next: 42%
Magic:  10/12      EV: 18    Int: 10    God:    Okawaru [*.....]
Gold:   443        SH:  0    Dex: 17    Spells: 10/11 levels left

rFire   . . .        h - +2 arbalest (freeze)
rCold   + . .        (shield currently unavailable)
rNeg    . . .        d - +0 troll leather armour
rPois   +            (helmet restricted)
rElec   .            l - +0 cloak
rCorr   .            b - +0 pair of gloves
SInv    .            c - +0 pair of boots
Will    .....        (no amulet)
Stlth   +++          q - ring of protection from cold
HPRegen 1.14/turn    e - ring of poison resistance
MPRegen 0.13/turn

%: no passive effects
@: about to teleport, heroic
A: horns 2, retaliatory headbutt
a: Renounce Religion, Heroism


You were on level 10 of the Dungeon.
You worshipped Okawaru.
Okawaru was aware of your devotion.
You visited 2 branches of the dungeon, and saw 11 of its levels.
You also visited: Sewer.

You collected 586 gold pieces.
You spent 143 gold pieces at shops.


Innate Abilities, Weirdness & Mutations

You have a pair of horns on your head.
You reflexively headbutt those who attack you in melee.


   Skills:
 + Level 8.0(13.0) Fighting
 - Level 13.0(18.0) Ranged Weapons
 - Level 4.2(9.2) Armour
 - Level 6.1(11.1) Dodging
 - Level 1.0 Spellcasting
 - Level 2.0 Hexes
 - Level 4.1 Invocations


You had 10 spell levels left.
You knew the following spells:

 Your Spells              Type           Power      Damage    Failure   Level
a - Slow                  Hex            16%        N/A       19%         1

Your spell library contained the following spells:

 Spells                   Type           Power      Damage    Failure   Level
 Inner Flame              Hex/Fire       2%         N/A       63%         3
 Portal Projectile        Hex/Tloc       4%         N/A       63%         3
 Cause Fear               Hex            2%         N/A       87%         4

Inventory:

Hand Weapons
 h - a +2 arbalest of freezing (weapon)
Armour
 b - a +0 pair of gloves (worn)
 c - a +0 pair of boots (worn)
 d - a +0 troll leather armour (worn)
 l - a +0 cloak (worn)
 o - a +2 robe of resistance
Jewellery
 e - a ring of poison resistance (right hand)
 q - a ring of protection from cold (left hand)
 r - a +6 ring of strength
 Y - a ring of positive energy
Scrolls
 f - a scroll of identify
 p - a scroll of teleportation
Potions
 a - a potion of berserk rage {unknown}
 g - 3 potions of cancellation
 i - 3 potions of heal wounds
 j - 2 potions of haste
 k - a potion of mutation
 m - a potion of attraction {unknown}
 n - 2 potions of might

Dungeon Overview and Level Annotations

Branches:
Dungeon (10/15)            Temple (1/1) D:4             Orc (0/2) D:9
  Sewer (visited)
   Lair: D:8-11

Altars:
Ashenzari
Cheibriados
Dithmenos
Elyvilon
Fedhas
Gozag
Hepliaklqana
Makhleb
Nemelex Xobeh
Okawaru
Qazlal
Ru
Sif Muna
Trog
Uskayaw
Vehumet
Wu Jian
Xom
Yredelemnul
Zin
The Shining One

Shops:
D:2 ?![[=   D:3 [*   D:4 [


Message History

The yak gores you but does no damage.
You shoot a bolt. The bolt hits the yak!!
The bolt freezes the yak.
You kill the yak!
Okawaru accepts your kill. The yak closely misses you.
The yak gores you but does no damage.
You shoot a bolt. The bolt barely misses the yak.
The yak gores you! x2
You shoot a bolt. The bolt hits the yak!!
The bolt freezes the yak.
You kill the yak!
Okawaru accepts your kill.
A death yak comes into view.
The yak misses you. You furiously retaliate!
You headbutt the yak!
8464 ||| INVOKING Heroism.
You gain the combat prowess of a mighty hero.
The death yak bellows!
The yak misses you. You furiously retaliate!
You headbutt the yak. You shoot a bolt. The bolt hits the yak!
The bolt freezes the yak.
The yak is severely wounded.
The wyvern bites you! The yak gores you.
The wyvern bites you but does no damage.
You shoot a bolt. The bolt hits the yak.
The bolt freezes the yak.
The yak is severely wounded.
The wyvern bites you but does no damage.
The yak gores you but does no damage. The yak gores you!
The yak completely misses you.
You shoot a bolt. The bolt hits the yak!
The bolt freezes the yak.
You kill the yak!
Okawaru accepts your kill.
The wyvern bites you but does no damage.
The yak barely misses you. The yak gores you! The wyvern bites you!
Your base Ranged Weapons skill increases to level 13!
You shoot a bolt. The bolt barely misses the death yak.
The yak gores you! The yak completely misses you. You furiously retaliate!
You headbutt the yak. The wyvern closely misses you.
The death yak gores you but does no damage.
8469 ||| READING 2 scrolls of teleportation.
As you read the scroll of teleportation, it crumbles to dust.
You feel strangely unstable. The wyvern bites you!
The death yak barely misses you. The yak gores you!
You die...

###############
.......<.......
..####........#
#..####### #..#
#Y@# #lYY.....#
#.Y......#
#.........
#.#####... #.
.. #. . #.


You could see a death yak, 3 yaks and a wyvern.

Vanquished Creatures
  A manticore (D:9)
  A gargoyle (D:7)
  A troll (D:9)
  2 wyverns
  Eustachio (D:6)
  6 yaks
  3 steam dragons
  A water moccasin (D:7)
  4 orc warriors
  A sky beast (D:8)
  2 ogres (D:5)
  3 centaurs
  A phantom (D:4)
  2 kobold brigands
  2 bullfrogs (D:7)
  A scorpion (D:5)
  7 wights
  4 killer bees (D:9)
  3 howler monkeys
  5 orc priests
  2 jellies (D:7)
  A hound (D:4)
  A gnoll bouda (D:8)
  4 iguanas
  2 sleepcaps
  4 orc wizards
  4 gnolls (D:8)
  9 adders
  3 river rats (Sewer)
  4 shadow imps
  A white imp (D:8)
  5 ufetubi
  5 worms
  2 dart slugs (D:1)
  32 orcs
  7 ball pythons
  7 bats
  8 endoplasms
  3 giant cockroaches
  10 goblins
  7 hobgoblins
  6 jackals
  12 kobolds
  A quokka (D:2)
  2 frilled lizards
  13 rats
206 creatures vanquished.

Notes
Turn   | Place    | Note
-------+----------+-------------------------------------------
     0 | D:1      | qw the Minotaur Hexslinger began the quest for the Orb.
     0 | D:1      | Reached XP level 1. HP: 16/16 MP: 1/1
     0 | D:1      | 0 ||| qw: Version: 0.3-a-24-ga2abf7b
     0 | D:1      | 0 ||| qw: Game counter: 6890
     0 | D:1      | 0 ||| qw: Melee chars always use a shield: true
     0 | D:1      | 0 ||| qw: God list: Okawaru
     0 | D:1      | 0 ||| qw: Allow faded altars: false
     0 | D:1      | 0 ||| qw: Do Orc after clearing Dungeon:15 true
     0 | D:1      | 0 ||| qw: Do second Lair branch before Depths: true
     0 | D:1      | 0 ||| qw: Lair rune preference: random
     0 | D:1      | 0 ||| qw: Goals: Normal
     0 | D:1      | 0 ||| PLANNING D:1-11
    69 | D:1      | Reached skill level 3 in Ranged Weapons
    83 | D:1      | Reached XP level 2. HP: 23/23 MP: 2/2
   206 | D:1      | 206 ||| SWAPPING to +0 arbalest.
   210 | D:1      | 210 ||| DROPPING +1 sling.
   386 | D:1      | Reached XP level 3. HP: 29/29 MP: 3/3
   575 | D:1      | 575 ||| READING 2 scrolls labelled KESY METIOKK.
   576 | D:1      | 576 ||| READING scroll labelled ANKESUL QUTUC.
   577 | D:1      | 577 ||| READING scroll labelled FAMNARR PUNAOBLO.
   578 | D:1      | 578 ||| DROPPING scroll of poison.
   647 | D:2      | Found a snail-covered altar of Cheibriados.
   657 | D:2      | Found Xiaq's Jewellery Emporium.
   660 | D:2      | Reached skill level 4 in Ranged Weapons
   666 | D:2      | 666 ||| SHOPLISTING amulet of faith (480 gold, have 57).
   666 | D:2      | 666 ||| SHOPLISTING ring of fire (300 gold, have 57).
   666 | D:2      | 666 ||| SHOPLISTING ring of poison resistance (240 gold,
                  | have 57).
   666 | D:2      | 666 ||| SHOPLISTING ring of protection from fire (300 gold,
                  | have 57).
   666 | D:2      | 666 ||| SHOPLISTING ring of resist corrosion (240 gold,
                  | have 57).
   678 | D:2      | Found Linideje's Armour Shoppe.
   686 | D:2      | 686 ||| BUYING +0 leather armour (22 gold).
   686 | D:2      | Bought a +0 leather armour for 22 gold pieces
   686 | D:2      | 686 ||| SHOPLISTING +0 pair of fencer's gloves {Riposte
                  | Dex+3} (440 gold, have 35).
   686 | D:2      | 686 ||| SHOPLISTING +2 pair of gloves (181 gold, have 35).
   696 | D:2      | Found Hoqoschi's Antique Armour Shop.
   708 | D:2      | 708 ||| SHOPLISTING faintly humming ring mail (198 gold,
                  | have 35).
   708 | D:2      | 708 ||| SHOPLISTING glowing ring mail (154 gold, have 35).
   783 | D:2      | Found Daebluano's Magic Scroll Emporium.
   786 | D:2      | 786 ||| SHOPLISTING scroll of enchant armour (75 gold, have
                  | 35).
   786 | D:2      | 786 ||| BUYING scroll of identify (20 gold).
   786 | D:2      | Bought a scroll of identify for 20 gold pieces
   786 | D:2      | 786 ||| SHOPLISTING scroll of identify (20 gold, have 15).
   786 | D:2      | 786 ||| SHOPLISTING scroll of teleportation (30 gold, have
                  | 15).
   841 | D:2      | Found Mucaigij's Distillery.
   861 | D:2      | 861 ||| SHOPLISTING potion of curing (39 gold, have 15).
   861 | D:2      | 861 ||| SHOPLISTING potion of enlightenment (65 gold, have
                  | 15).
   861 | D:2      | 861 ||| SHOPLISTING potion of heal wounds (65 gold, have
                  | 15).
   861 | D:2      | 861 ||| SHOPLISTING potion of might (52 gold, have 15).
   861 | D:2      | 861 ||| SHOPLISTING potion of mutation (104 gold, have 15).
   885 | D:2      | Reached XP level 4. HP: 25/36 MP: 4/4
  1392 | D:2      | 1392 ||| UPGRADING to +0 pair of gloves.
  1397 | D:2      | 1397 ||| UPGRADING to +0 leather armour.
  1407 | D:2      | 1407 ||| DROPPING +0 robe.
  1408 | D:2      | 1408 ||| READING scroll labelled ASHIEPRUCHO.
  1409 | D:2      | 1409 ||| READING scroll labelled PAVEDI SONUY.
  1410 | D:2      | 1410 ||| READING scroll labelled OFODAKKULIU.
  1411 | D:2      | 1411 ||| DRINKING 3 murky sapphire potions.
  1439 | D:2      | 1439 ||| DRINKING 2 fuming clear potions.
  1440 | D:2      | 1440 ||| DRINKING 2 fizzy silvery potions.
  1441 | D:2      | 1441 ||| READING 3 scrolls of identify.
  1441 | D:2      | 1441 ||| IDENTIFYING metallic blue potion
  1442 | D:2      | 1442 ||| DROPPING 2 potions of lignification.
  1443 | D:2      | 1443 ||| DROPPING potion of invisibility.
  1509 | D:3      | Identified the +3 chain mail of the Scribe {+Inv rPois rC-
                  | Regen+}
  1629 | D:3      | Found Pucuby's Assorted Antiques.
  1635 | D:3      | 1635 ||| SHOPLISTING glowing cabochon ring (100 gold, have
                  | 46).
  1635 | D:3      | 1635 ||| BUYING murky black potion (18 gold).
  1635 | D:3      | Bought a murky black potion for 18 gold pieces
  1635 | D:3      | 1635 ||| SHOPLISTING runed glass wand (80 gold, have 28).
  1635 | D:3      | 1635 ||| BUYING scroll labelled UMOMIETUO (20 gold).
  1635 | D:3      | Bought a scroll labelled UMOMIETUO for 20 gold pieces
  1674 | D:3      | Reached skill level 5 in Ranged Weapons
  1690 | D:3      | Found Vojiupro's Antique Armour Shoppe.
  1701 | D:3      | 1701 ||| SHOPLISTING pair of boots (139 gold, have 16).
  1701 | D:3      | 1701 ||| SHOPLISTING ring mail (124 gold, have 16).
  1701 | D:3      | 1701 ||| SHOPLISTING shiny ring mail (217 gold, have 16).
  1943 | D:3      | 1943 ||| UPGRADING to ring of positive energy.
  1944 | D:3      | 1944 ||| READING scroll labelled UMOMIETUO.
  1999 | D:3      | 1999 ||| READING scroll labelled YMORCH LUSEWE.
  2004 | D:3      | 2004 ||| READING scroll labelled ECAYBBY WU DIYFINT.
  2005 | D:3      | 2005 ||| READING 4 scrolls of identify.
  2005 | D:3      | 2005 ||| IDENTIFYING murky black potion
  2018 | D:4      | 2018 ||| PLANNING SEWER
  2021 | D:4      | Reached skill level 3 in Fighting
  2021 | D:4      | Reached XP level 5. HP: 45/45 MP: 5/5
  2209 | D:4      | You fall into a shaft and drop 1 floor!
  2209 | D:5      | Entered Level 5 of the Dungeon
  2210 | D:5      | 2210 ||| UPGRADING to +0 pair of boots.
  2496 | D:4      | Reached skill level 1 in Armour
  2518 | D:4      | Found a hazy altar of Hepliaklqana.
  2533 | D:4      | Found a glowing drain.
  2537 | D:4      | 2537 ||| READING scroll labelled TEDYOB WECAGAU.
  2538 | D:4      | 2538 ||| READING 3 scrolls of identify.
  2538 | D:4      | 2538 ||| IDENTIFYING lumpy coppery potion
  2541 | D:4      | 2541 ||| Stepping ~*~*~tactically~*~*~ (water).
  2551 | Sewer    | Entered a sewer
  2627 | Sewer    | 2627 ||| Stepping ~*~*~tactically~*~*~ (water).
  2731 | Sewer    | 2731 ||| Stepping ~*~*~tactically~*~*~ (water).
  2733 | Sewer    | 2733 ||| FLEEEEING.
  2743 | Sewer    | 2743 ||| FLEEEEING.
  2768 | Sewer    | Reached skill level 6 in Ranged Weapons
  2768 | Sewer    | Reached XP level 6. HP: 46/51 MP: 6/6
  2801 | Sewer    | 2801 ||| Stepping ~*~*~tactically~*~*~ (water).
  2803 | Sewer    | 2803 ||| Stepping ~*~*~tactically~*~*~ (water).
  2978 | Sewer    | 2978 ||| READING scroll labelled LEC JUMYENUSH.
  2979 | Sewer    | 2979 ||| READING 2 scrolls of identify.
  2979 | Sewer    | 2979 ||| IDENTIFYING sapphire potion
  2981 | Sewer    | 2981 ||| Stepping ~*~*~tactically~*~*~ (water).
  3068 | Sewer    | 3068 ||| Stepping ~*~*~tactically~*~*~ (water).
  3301 | D:4      | 3301 ||| PLANNING D:1-11
  3345 | D:4      | Found a staircase to the Ecumenical Temple.
  3346 | D:4      | 3346 ||| PLANNING TEMPLE
  3354 | Temple   | Entered the Ecumenical Temple
  3512 | Temple   | 3512 ||| PLANNING OKAWARU WORSHIP
  3525 | Temple   | Became a worshipper of Warmaster Okawaru
  3526 | Temple   | 3526 ||| PLANNING D:1-11
  3575 | D:4      | 3575 ||| READING scroll of enchant weapon.
  3575 | D:4      | 3575 ||| ENCHANTING +1 arbalest of freezing.
  3657 | D:4      | Reached skill level 7 in Ranged Weapons
  3692 | D:4      | Found Liur's Armour Shoppe.
  3779 | D:4      | 3779 ||| BUYING +0 cloak (63 gold).
  3779 | D:4      | Bought a +0 cloak for 63 gold pieces
  3779 | D:4      | 3779 ||| UPGRADING to +0 ring mail.
  3789 | D:4      | 3789 ||| DROPPING +0 leather armour.
  3790 | D:4      | 3790 ||| UPGRADING to +0 cloak.
  4019 | D:5      | Reached XP level 7. HP: 59/59 MP: 7/7
  4066 | D:5      | Reached * piety under Okawaru
  4123 | D:5      | Reached skill level 8 in Ranged Weapons
  4169 | D:5      | Reached skill level 1 in Invocations
  4469 | D:5      | 4469 ||| UPGRADING to ring of poison resistance.
  4585 | D:6      | 4585 ||| DRINKING potion of curing.
  4585 | D:6      | 4585 ||| (to cure confusion)
  4589 | D:6      | 4589 ||| INVOKING Heroism.
  4883 | D:6      | Reached XP level 8. HP: 68/68 MP: 9/9
  5042 | D:6      | Noticed Eustachio
  5043 | D:6      | 5043 ||| INVOKING Heroism.
  5056 | D:6      | Killed Eustachio
  5057 | D:6      | Reached skill level 3 in Invocations
  5216 | D:6      | 5216 ||| READING 2 scrolls labelled YCZYCLUUNIL.
  5217 | D:6      | 5217 ||| READING scroll labelled KYEMISHR OZIZ.
  5218 | D:6      | 5218 ||| DRINKING 2 metallic cyan potions.
  5219 | D:6      | 5219 ||| DRINKING 2 black potions.
  5220 | D:6      | 5220 ||| DROPPING scroll of fear.
  5221 | D:6      | 5221 ||| DROPPING potion of degeneration.
  5396 | D:7      | 5396 ||| INVOKING Heroism.
  5397 | D:7      | 5397 ||| Stepping ~*~*~tactically~*~*~ (cloud).
  5404 | D:7      | Reached skill level 9 in Ranged Weapons
  5408 | D:7      | Reached skill level 3 in Armour
  5416 | D:7      | 5416 ||| INVOKING Heroism.
  5418 | D:7      | Reached skill level 6 in Fighting
  5528 | D:7      | 5528 ||| INVOKING Heroism.
  5533 | D:7      | Reached skill level 10 in Ranged Weapons
  5583 | D:7      | 5583 ||| FLEEEEING.
  5587 | D:7      | 5587 ||| FLEEEEING.
  5588 | D:7      | 5588 ||| FLEEEEING.
  5589 | D:7      | 5589 ||| FLEEEEING.
  5590 | D:7      | 5590 ||| FLEEEEING.
  5591 | D:7      | 5591 ||| FLEEEEING.
  5592 | D:7      | 5592 ||| FLEEEEING.
  5593 | D:7      | 5593 ||| FLEEEEING.
  5594 | D:7      | 5594 ||| STAIRDANCE
  5692 | D:7      | 5692 ||| INVOKING Heroism.
  5721 | D:7      | 5721 ||| INVOKING Heroism.
  5817 | D:7      | 5817 ||| INVOKING Heroism.
  5821 | D:7      | Reached skill level 3 in Dodging
  5821 | D:7      | Reached XP level 9. HP: 75/75 MP: 8/11
  5865 | D:7      | Noticed a gargoyle
  5869 | D:7      | Killed a gargoyle
  5875 | D:7      | 5875 ||| INVOKING Heroism.
  6330 | D:7      | 6330 ||| UPGRADING to ring of protection from cold.
  6400 | D:8      | 6400 ||| INVOKING Heroism.
  6411 | D:8      | 6411 ||| INVOKING Heroism.
  6706 | D:8      | 6706 ||| Stepping ~*~*~tactically~*~*~ (outnumbered).
  6714 | D:8      | 6714 ||| INVOKING Heroism.
  6716 | D:8      | 6716 ||| Stepping ~*~*~tactically~*~*~ (outnumbered).
  6798 | D:8      | 6798 ||| INVOKING Heroism.
  6799 | D:8      | 6799 ||| Stepping ~*~*~tactically~*~*~ (cloud).
  6805 | D:8      | Reached skill level 11 in Ranged Weapons
  7236 | D:8      | 7236 ||| UPGRADING to +0 steam dragon scales.
  7246 | D:8      | 7246 ||| DROPPING +0 ring mail.
  7247 | D:8      | 7247 ||| DRINKING 2 smoky brown potions.
  7248 | D:8      | 7248 ||| DROPPING potion of brilliance.
  7268 | D:9      | 7268 ||| INVOKING Heroism.
  7540 | D:9      | Noticed a troll
  7541 | D:9      | 7541 ||| INVOKING Heroism.
  7543 | D:9      | Killed a troll
  7614 | D:9      | Reached skill level 12 in Ranged Weapons
  7638 | D:9      | Reached XP level 10. HP: 86/86 MP: 12/12
  7646 | D:9      | 7646 ||| INVOKING Heroism.
  7687 | D:9      | 7687 ||| INVOKING Heroism.
  7707 | D:9      | 7707 ||| FLEEEEING.
  7793 | D:9      | 7793 ||| INVOKING Heroism.
  7872 | D:9      | Reached skill level 6 in Dodging
  7875 | D:9      | 7875 ||| INVOKING Heroism.
  8001 | D:9      | Noticed a manticore
  8002 | D:9      | 8002 ||| INVOKING Heroism.
  8005 | D:9      | Killed a manticore
  8216 | D:9      | Found a staircase to the Orcish Mines.
  8435 | D:9      | 8435 ||| UPGRADING to +0 troll leather armour.
  8445 | D:9      | 8445 ||| DROPPING +0 steam dragon scales.
  8451 | D:10     | Entered Level 10 of the Dungeon
  8463 | D:10     | Noticed a death yak
  8464 | D:10     | 8464 ||| INVOKING Heroism.
  8468 | D:10     | Reached skill level 13 in Ranged Weapons
  8468 | D:10     | HP: 14/88 [yak (11)]
  8469 | D:10     | 8469 ||| READING 2 scrolls of teleportation.
  8469 | D:10     | HP: 1/88 [wyvern (15)]
  8469 | D:10     | Mangled by a yak

Levels and vault maps discovered:
D:1:      lightli_arrival_maybe_door_vault, layout_loops_ring
D:2:      layout_basic, basic_altar, serial_shops, shop, nicolae_shop_rolled_up,
          nicolae_shop_hallway_stairs, shop, nicolae_shop_statue_plus
D:3:      layout_rooms, serial_shops, nicolae_shop_rolling_square, shop
D:4:      layout_loops_ring, lemuel_tele_altar,
          minmay_temple_entry_proselytizer, cheibrodos_sewer_entry_bend,
          nicolae_inconvenience_store, roderic_roman_lattice
D:5:      layout_loops_ring, serial_demonic, serial_demonic_c, serial_demonic_f,
          serial_demonic_f, serial_demonic_b
D:6:      layout_loops_ring, minmay_a_box_with_orc_wizards_in_it, uniq_eustachio
D:7:      layout_basic, grunt_decor_one_mirror, minmay_manual_mandibuliform
D:8:      layout_basic
D:9:      layout_cave_pools, hiddenorc1_lemuel
D:10:     layout_small_grid, nicolae_overflow_hidden_temple, dpeg_lair_monsters,
          biasface_ghost_orc_armoury, serial_shops, nicolae_shop_mannequins
Temple:   nicolae_temple_slightly_damp_pantheon

Skill      XL: |  1  2  3  4  5  6  7  8  9 10 |
---------------+-------------------------------+-----
Ranged Weapons | 3 4 5 6 7 8 10 12 13 | 13.0
Fighting       | 2 3 4 5 6 7 8 |  8.0
Armour         | 1 2 3 4 |  4.2
Invocations    | 2 4 |  4.1
Dodging        | 3 5 6 |  6.1
Spellcasting   | |  1.0
Hexes          | |  2.0

Action                     |  1- 3 |  4- 6 |  7- 9 | 10-12 || total
---------------------------+-------+-------+-------+-------++-------
   Fire: Sling             |    33 |       |       |       ||    33
         Arbalest          |    62 |   143 |   210 |    87 ||   502
 Invoke: Heroism           |       |       |    15 |     6 ||    21
    Use: Scroll            |     3 |    13 |     2 |     1 ||    19
         Potion            |       |     3 |     4 |       ||     7
 Armour: Robe              |     5 |     1 |       |       ||     6
         Leather armour    |       |    24 |       |       ||    24
         Ring mail         |       |     2 |    53 |       ||    55
         Steam dragon scal |       |       |    10 |     8 ||    18
         Troll leather arm |       |       |       |     7 ||     7
  Dodge: Dodged            |    23 |    43 |    80 |    30 ||   176

Table legend:
 A = Non-vault XP
 B = Vault XP
 C = Vault XP percentage of total XP
 D = Non-vault monster count
 E = Vault monster count
 F = Vault count percentage of total count
                 A         B        C        D         E       F
            +---------+---------+-------+---------+---------+-------
      Total |    6576 |    1244 |  15.9 |     154 |      52 |  25.2
            +---------+---------+-------+---------+---------+-------
        D:1 |      53 |       0 |   0.0 |      28 |       0 |   0.0
        D:2 |      57 |       0 |   0.0 |      20 |       0 |   0.0
        D:3 |      34 |       0 |   0.0 |      15 |       0 |   0.0
        D:4 |     251 |      49 |  16.3 |      15 |       2 |  11.8
        D:5 |     558 |      39 |   6.5 |       9 |       4 |  30.8
        D:6 |     111 |     308 |  73.5 |       4 |       4 |  50.0
        D:7 |    1469 |     463 |  24.0 |      21 |       5 |  19.2
        D:8 |     941 |       0 |   0.0 |      13 |       0 |   0.0
        D:9 |    2485 |     178 |   6.7 |      26 |      17 |  39.5
       D:10 |     617 |       0 |   0.0 |       3 |       0 |   0.0
      Sewer |       0 |     207 | 100.0 |       0 |      20 | 100.0
            +---------+---------+-------+---------+---------+-------
